 Dungeon Crawl Stone Soup version 0.26-a0-480-gf0b7f46 (webtiles) character file.

Game seed: 8479765578022413143

(classic levelgen) 393 Euphorazine the Caller (level 6, -4/32 HPs)
             Began as a Tengu Summoner on May 31, 2019.
             Was an Initiate of Sif Muna.
             Slain by a nameless horror (7 damage)
             ... created by miscasting Summon Lightning Spire
             ... on level 5 of the Dungeon on Aug 2, 2020.
             The game lasted 00:38:09 (4916 turns).

Euphorazine the Caller (Tengu Summoner)             Turns: 4916, Time: 00:38:12

Health: -4/32      AC:  2    Str:  8    XL:     6   Next: 81%
Magic:  1/12       EV: 16    Int: 18    God:    Sif Muna [......]
Gold:   158        SH:  0    Dex: 14    Spells: 3/12 levels left

rFire    . . .     SeeInvis .   g - +0 trident
rCold    . . .     Faith    .   (no shield)
rNeg     . . .     Spirit   .   a - +0 robe
rPois    .         Reflect  .   (helmet restricted)
rElec    .         Harm     .   (no cloak)
rCorr    .                      (no gloves)
MR       .....                  (boots unavailable)
Stlth    ++........             (no amulet)
HPRegen  0.10/turn              (no ring)
MPRegen  0.13/turn              (no ring)

@: flying quickly and evasively, very slightly contaminated, quick
A: beak, talons 3, able to fly
a: Stop Flying, Renounce Religion


You were on level 5 of the Dungeon.
You worshipped Sif Muna.
Sif Muna was noncommittal.
You visited 2 branches of the dungeon, and saw 6 of its levels.

You collected 158 gold pieces.

Inventory:

Hand Weapons
 g - a +0 trident (weapon)
Missiles
 f - 22 poisoned darts (quivered)
 m - 2 datura-tipped darts
 s - 7 javelins
Armour
 a - a +0 robe (worn)
Magical Staves
 l - an uncursed staff of cold
Wands
 d - a wand of enslavement (9)
Scrolls
 b - 5 scrolls of remove curse
 e - 2 scrolls of teleportation
 h - 4 scrolls of identify
 p - 2 scrolls of enchant armour {unknown}
Potions
 i - 3 potions of heal wounds {unknown}
 j - a potion of flight {unknown}
 k - 2 potions of brilliance {unknown}
 n - a potion of ambrosia {unknown}
 q - a potion of stabbing {unknown}
Comestibles
 c - 3 removed foods


   Skills:
 - Level 3.0 Dodging
 - Level 2.0 Stealth
 + Level 3.9 Spellcasting
 * Level 6.9 Summonings
 * Level 4.1 Air Magic


You had 3 spell levels left.
You knew the following spells:

 Your Spells              Type           Power        Failure   Level
a - Call Imp              Summ           ####....     1%          2
b - Summon Lightning Spi  Summ/Air       ###.....     16%         4
c - Blink                 Tloc           N/A          22%         2
s - Summon Small Mammal   Summ           ####         1%          1

Your spell library contained the following spells:

 Spells                   Type           Power        Failure   Level
 Call Canine Familiar     Summ           ####....     2%          3
 Summon Guardian Golem    Hex/Summ       ###.....     11%         3
 Magic Dart               Conj           #...         16%         1
 Slow                     Hex            #.......     22%         2
 Mephitic Cloud           Conj/Pois/Air  #.......     26%         3
 Conjure Flame            Conj/Fire      #.......     41%         3
 Summon Ice Beast         Ice/Summ       ###.....     34%         4


Dungeon Overview and Level Annotations

Branches:
Dungeon (5/15)             Temple (1/1) D:4

Altars:
Ashenzari
Cheibriados
Elyvilon
Fedhas
Gozag
Hepliaklqana
Kikubaaqudgha
Nemelex Xobeh
Okawaru
Qazlal
Ru
Sif Muna
Trog
Uskayaw
Vehumet
Wu Jian
Yredelemnul
Zin

Shops:
D:4 (


Innate Abilities, Weirdness & Mutations

You have a beak for a mouth.
You have claws for feet.
You can fly continuously.


Message History

* * * LOW HITPOINT WARNING * * *
Something shocks you.
* * * LOW HITPOINT WARNING * * *
Your white imp misses something.
The nameless horror barely misses you.
Casting: Call Imp (safe; 1% risk of failure)
Confirm with . or Enter, or press ? or * to list all spells.
Okay, then.
As you read the scroll labeled UTALLO ILIUGU, it crumbles to dust.
You feel aware of your surroundings.
It was a scroll of magic mapping.
Your white imp hits something but does no damage.
A sky beast appears from thin air!
Reactivating autopickup.
The sky beast misses you.
Your white imp gestures at the nameless horror.
The puff of frost hits the sky beast!
The sky beast dies!
Sif Muna accepts your kill.
Your Air Magic skill increases to level 4!
The nameless horror hits you!
You die...

*,,,,,,#.#'####**********
*,,,,,,#.?....,,,,,,,,,,,
*******#.....#**,,*******
#.....# *,,* * #.....#
*,,* * #.....# *,,* *
#55...# *,,* * #ยง#+#.#
*,,******* #@#,*,*
*,,,,,,,,,
#X#,*,****,*******
#.#,*,,,,,,* *
#.#,**************
#.#,,,,,,,,,,,,,,,
##'###########*****
#............#
#............#
#............#


You could see a nameless horror and 2 friendly white imps.

Vanquished Creatures
  A hound (D:4)
  An iguana (D:4)
  A worker ant (D:4)
  An adder (D:3)
  An orc (D:4)
  3 giant cockroaches
  A goblin (D:1)
  3 hobgoblins
  3 quokkas
  2 bats
  A frilled lizard (D:2)
  A kobold (D:2)
  2 rats
21 creatures vanquished.

Vanquished Creatures (collateral kills)
  A sky beast (D:5)
  A phantom (D:4)
  An ogre (D:4)
  A crimson imp (D:5)
  A hound (D:4)
  2 orc priests (D:3)
  2 worker ants (D:4)
  8 adders
  A shadow imp (D:5)
  An ooze (D:1)
  A worm (D:4)
  A dart slug (D:1)
  8 leopard geckos
  3 orcs
  A giant cockroach (D:4)
  5 goblins
  8 hobgoblins
  3 jackals (D:1)
  3 frilled lizards
  3 kobolds (D:1)
  3 rats (D:1)
58 creatures vanquished.

Grand Total: 79 creatures vanquished

Notes
Turn   | Place    | Note
-------+----------+-------------------------------------------
     0 | D:1      | Euphorazine the Tengu Summoner began the quest for the Orb.
     0 | D:1      | Reached XP level 1. HP: 10/10 MP: 4/4
   107 | D:1      | Reached skill level 5 in Summonings
   129 | D:1      | Reached XP level 2. HP: 2/15 MP: 1/6
   395 | D:1      | Learned a level 2 spell: Call Imp
   844 | D:1      | Upgraded the game from 0.24-a0-375-g4de66ed to
                  | 0.24-a0-378-g94936e5
  1360 | D:2      | Reached XP level 3. HP: 19/19 MP: 2/7
  1422 | D:2      | Noticed a sky beast
  2450 | D:3      | Found a white marble altar of Elyvilon.
  2521 | D:3      | Reached XP level 4. HP: 24/24 MP: 3/9
  2551 | D:3      | Learned a level 4 spell: Summon Lightning Spire
  2636 | D:3      | Learned a level 2 spell: Blink
  2826 | D:3      | Found a basalt altar of Yredelemnul.
  2861 | D:3      | Found a sparkling altar of Nemelex Xobeh.
  2862 | D:3      | Found a shattered altar of Ashenzari.
  3028 | D:4      | Reached skill level 1 in Air Magic
  3028 | D:4      | Gained mutation: You can fly continuously. [Tengu growth]
  3028 | D:4      | Reached XP level 5. HP: 28/28 MP: 7/11
  3241 | D:4      | Found an iron altar of Okawaru.
  3255 | D:4      | Noticed a phantom
  3325 | D:4      | Killed a phantom
  3325 | D:4      | Reached skill level 6 in Summonings
  3502 | D:4      | Found an ornate altar of the Wu Jian Council.
  3570 | D:4      | Found a hazy altar of Hepliaklqana.
  3689 | D:4      | Reached XP level 6. HP: 32/32 MP: 8/12
  3855 | D:4      | Found Ysunedd's Antique Weapon Shop.
  4035 | D:4      | Found a staircase to the Ecumenical Temple.
  4041 | Temple   | Entered the Ecumenical Temple
  4189 | Temple   | Became a worshipper of Sif Muna the Loreminder
  4268 | D:5      | Entered Level 5 of the Dungeon
  4592 | D:5      | Noticed a sky beast
  4602 | D:5      | Upgraded the game from 0.24-a0-378-g94936e5 to
                  | 0.26-a0-480-gf0b7f46
  4909 | D:5      | Noticed a nameless horror
  4914 | D:5      | HP: 1/32 [something (5)]
  4916 | D:5      | Killed a sky beast
  4916 | D:5      | Slain by a nameless horror

Illustrated notes

Levels and vault maps discovered:
D:1:      lemuel_arrival_room, layout_basic
D:2:      layout_basic, first_ration
D:3:      layout_rooms, kennysheep_ying_yang, nicolae_overflow_hidden_temple
D:4:      layout_rooms, lemuel_doored_altar, lemuel_coloured_pillars_altar,
          kennysheep_little_box, minmay_temple_entry_enclosed_plants,
          serial_shops, nicolae_shop_trees, gup_sewer_entry_pipe
D:5:      layout_basic
Temple:   grunt_temple_mini_profane

Skill      XL: |  1  2  3  4  5  6 |
---------------+-------------------+-----
Summonings     | 5 6 |  6.9
Spellcasting   | 3 |  3.9
Dodging        | 3 |  3.0
Air Magic      | 1 3 4 |  4.1
Stealth        | |  2.0

Action                   |  1- 3 |  4- 6 || total
-------------------------+-------+-------++-------
Melee: Unarmed           |     7 |       ||     7
       Peck              |     2 |     7 ||     9
       Kick              |     2 |     3 ||     5
       Trident           |    26 |    41 ||    67
Throw: Dart              |     2 |       ||     2
 Cast: Summon Small Mamm |    13 |       ||    13
       Call Imp          |    33 |    47 ||    80
       Summon Lightning  |       |     1 ||     1
 Abil: Fly               |       |     1 ||     1
  Use: Scroll            |     4 |     1 ||     5
       Potion            |     1 |     1 ||     2
 Stab: Sleeping          |     2 |     2 ||     4
       Distracted        |     1 |     1 ||     2
  Eat: Removed food      |     3 |     9 ||    12
       Removed food      |     1 |       ||     1
Armor: Robe              |     6 |     3 ||     9
Dodge: Dodged            |    24 |    45 ||    69

Table legend: (Time is in decaauts)
 A = Elapsed time spent in this place.
 B = Non-inter-level travel time spent in this place.
 C = Inter-level travel time spent in this place.
 D = Time resting spent in this place.
 E = Time spent auto-exploring this place.
 F = Levels seen in this place.
 G = Mean time per level.
                   A        B        C        D        E       F      G
               +--------+--------+--------+--------+--------+-----+--------+
         Total |   4846 |   4741 |    105 |   1427 |   1787 |   6 |  807.7 |
       Dungeon |   4672 |   4567 |    105 |   1427 |   1667 |   5 |  934.4 |
        Temple |    173 |    173 |      0 |      0 |    119 |   1 |  173.0 |
               +--------+--------+--------+--------+--------+-----+--------+

Top non-repeatable levels by time:
     D:5: 311 daAuts
Note: time per level data comes from an upgraded game and may be incomplete.
